 Dungeon Crawl Stone Soup version 0.31-a0-1570-g93c622d222 (webtiles) character file.

Game seed: 12122768493221658075

929 Inarius the Ruffian (level 7, -10/67 HPs)
             Began as a Troll Chaos Knight on Jan 3, 2024.
             Was a Plaything of Xom.
             Mangled by an ogre
             ... wielding a +0 giant club
              (18 damage)
             ... on level 5 of the Dungeon.
             The game lasted 00:03:59 (3330 turns).

Inarius the Ruffian (Troll Chaos Knight)            Turns: 3330, Time: 00:04:00

Health: -10/67     AC:  6    Str: 23    XL:     7   Next: 85%
Magic:  6/6        EV: 10    Int:  8    God:    Xom [....*.]
Gold:   267        SH:  0    Dex:  9    Spells: 6/6 levels left

rFire   x .          .
                       - Unarmed
rCold   . . .        (no shield)
rNeg    . . .        a - +2 robe
rPois   .            (helmet restricted)
rElec   .            i - scarf {repulsion}
rCorr   .            (gloves unavailable)
SInv    +            (boots unavailable)
Will    .....        (no amulet)
Stlth   +            (no ring)
HPRegen 1.11/turn    (no ring)
MPRegen 0.10/turn

%: repel missiles
@: no status effects
A: large, unfitting armour, claws 3, regeneration 1, shaggy fur 1, tough skin 1,
see invisible, sense surroundings 1, heat vulnerability 1
a: Renounce Religion


You were on level 5 of the Dungeon.
You worshipped Xom.
You were a beloved toy of Xom.
You visited 1 branch of the dungeon, and saw 5 of its levels.

You collected 267 gold pieces.

Inventory:

Armour
 a - a +2 robe (worn)
 i - a scarf of repulsion (worn)
 r - a +0 cloak
Jewellery
 j - a ring of flight
Scrolls
 b - a scroll of butterflies
 c - 4 scrolls of identify {unknown}
 d - 2 scrolls of amnesia {unknown}
 l - 3 scrolls of noise {unknown}
 n - 3 scrolls of teleportation {unknown}
 o - a scroll of blinking {unknown}
 p - a scroll of poison {unknown}
 s - a scroll of revelation {unknown}
Potions
 e - 2 potions of lignification {unknown}
 f - 2 potions of mutation {unknown}
 g - a potion of degeneration {unknown}
 h - 2 potions of heal wounds {unknown}
 k - 4 potions of curing {unknown}
 m - a potion of might {unknown}
 q - 2 potions of invisibility {unknown}


   Skills:
 + Level 3.3 Fighting
 + Level 4.4 Dodging
 + Level 7.6 Unarmed Combat


You had 6 spell levels left.
You didn't know any spells.
Your spell library contained the following spells:

 Spells                   Type           Power      Damage    Failure   Level
 Dazzling Flash           Conj/Hex       0%         N/A       78%         3
 Fugue of the Fallen      Necr           0%         N/A       78%         3
 Mephitic Cloud           Conj/Alch/Air  0%         N/A       78%         3
 Ozocubu's Armour         Ice            0%         N/A       78%         3
 Volatile Blastmotes      Fire/Tloc      0%         2d10      78%         3
 Fulminant Prism          Conj/Alch      0%         3d5       99%         4
 Iskenderun's Mystic Bla  Conj/Tloc      0%         2d3       99%         4
 Manifold Assault         Tloc           0%         N/A       99%         4
 Curse of Agony           Necr           0%         N/A       100%        5
 Silence                  Hex/Air        0%         N/A       100%        5


Dungeon Overview and Level Annotations

Branches:
Dungeon (5/15)
 Temple: D:4-7

Altars:
The Shining One

Annotations:
D:4 2 transporters
D:5 Grinder


Innate Abilities, Weirdness & Mutations

You are too large for most types of armour.
You have claws for hands.
Your natural rate of healing is unusually fast.
You are covered in fur. (AC +1)
You have tough skin. (AC +1)
You have supernaturally acute eyesight. (SInv)
You passively map a small area around you.
You are vulnerable to heat. (rF-)


Message History

You barely miss the orc priest. You closely miss the orc priest.
You claw the orc priest!
The orc priest is almost dead.
The orc priest closely misses you.
The orc wizard casts a spell.
The orc wizard flickers and vanishes for a moment.
You scratch the orc priest.
You kill the orc priest!
The orc hits you with a +0 dagger. The ogre closely misses you.
The orc hits you with a +0 whip.
There is a large open door here.
You see here a +0 flail.
You barely miss the ogre. You claw the ogre.
The ogre is lightly wounded.
The orc closely misses you.
The ogre hits you with a +0 giant club!!
You claw the ogre!
The ogre is heavily wounded.
You claw the ogre!
The ogre is almost dead.
The ogre barely misses you.
You scratch the ogre.
The ogre is almost dead.
Grinder hits you but does no damage.
You completely miss the ogre.
The ogre is almost dead.
The ogre hits you with a +0 giant club!!
* * * LOW HITPOINT WARNING * * *
Grinder hits you.
* * * LOW HITPOINT WARNING * * *
You writhe in agony.
* * * LOW HITPOINT WARNING * * *
The orc hits you with a +0 dagger.
* * * LOW HITPOINT WARNING * * *
You closely miss the ogre.
The ogre is almost dead.
Grinder misses you. The orc barely misses you.
The ogre hits you with a +0 giant club!!
You die...
Xom titters!

* ,, , , ##.#.....
,+, , *, ,
........, * ,
,.#....# * , + *
.....# , *#.#....#
, #.#..oo# ,
,*,*#.#.O5o#,* %..
#@# * ,
#.###'##### ,
#.#..)....+ ,
#.####.#.......# ,
,
#..............#,,
######.#.......# ,
#)#.......#, *
#.#.......# ,*
#.#.......# *


You could see Grinder, an ogre, an orc wizard (invisible) and 2 orcs.

Vanquished Creatures
  Duvessa (D:5)
  A lemure (D:5)
  A scorpion (D:5)
  Dowan (D:5)
  3 bombardier beetles
  3 hounds (D:5)
  2 jellies (D:5)
  2 orc priests
  Crazy Yiuf (D:4)
  An iguana (D:4)
  A sleepcap (D:4)
  6 gnolls
  8 adders
  A white imp (D:4)
  7 dart slugs
  4 ribbon worms
  6 orcs (D:5)
  3 bats
  8 endoplasms
  3 giant cockroaches
  8 goblins
  8 hobgoblins
  7 jackals
  5 kobolds
  3 quokkas
  7 ball pythons
  2 frilled lizards
  3 rats
106 creatures vanquished.

Vanquished Creatures (collateral kills)
  2 orcs (D:3)
  An endoplasm (D:3)
  A hobgoblin (D:3)
4 creatures vanquished.

Grand Total: 110 creatures vanquished

Notes
Turn   | Place    | Note
-------+----------+-------------------------------------------
     0 | D:1      | Inarius the Troll Chaos Knight began the quest for the Orb.
     0 | D:1      | Reached XP level 1. HP: 22/22 MP: 0/0
    52 | D:1      | Reached XP level 2. HP: 29/29 MP: 1/1
   483 | D:1      | XOM: silly message
   495 | D:1      | XOM: silly message
   780 | D:1      | Reached XP level 3. HP: 36/36 MP: 2/2
   993 | D:2      | XOM: silly message
  1181 | D:2      | Reached skill level 4 in Unarmed Combat
  1221 | D:2      | XOM: 10-stop teleportation journey
  1335 | D:2      | XOM: scenery: 3 doors close
  1476 | D:2      | Reached XP level 4. HP: 44/44 MP: 3/3
  1680 | D:3      | XOM: silly message
  1691 | D:3      | XOM: cast spell 'Summon Mana Viper'
  1694 | D:3      | Reached XP level 5. HP: 37/53 MP: 4/4
  1721 | D:3      | XOM: 1-stop teleportation journey
  1837 | D:3      | XOM: noise
  1841 | D:3      | XOM: cast spell 'Summon Horrible Things'
  1843 | D:3      | Reached skill level 5 in Unarmed Combat
  2074 | D:4      | Found a transporter.
  2086 | D:4      | XOM is BORED!
  2086 | D:4      | XOM: noise
  2127 | D:4      | XOM: cast spell 'Alistair's Intoxication'
  2138 | D:4      | Found a transporter.
  2287 | D:4      | Reached XP level 6. HP: 61/61 MP: 5/5
  2568 | D:4      | XOM: divination: magic mapping
  2650 | D:4      | XOM: 2-stop teleportation journey
  2731 | D:4      | XOM: give mutations
  2731 | D:4      | Gained mutation: You have hidden genetic potential. [Xom's
                  | mischief]
  2731 | D:4      | Gained mutation: You passively map a small area around you.
                  | [Xom's mischief]
  2731 | D:4      | Gained mutation: You are vulnerable to heat. (rF-) [Xom's
                  | mischief]
  2746 | D:4      | Found a runed translucent door.
  2747 | D:4      | Noticed Crazy Yiuf
  2856 | D:4      | Killed Crazy Yiuf
  2857 | D:4      | Reached skill level 6 in Unarmed Combat
  2899 | D:5      | Entered Level 5 of the Dungeon
  2965 | D:5      | Reached XP level 7. HP: 67/67 MP: 6/6
  3037 | D:5      | Found a glowing golden altar of the Shining One.
  3066 | D:5      | XOM: 2-stop teleportation journey
  3081 | D:5      | XOM: summons 4 hostile demons
  3093 | D:5      | XOM: 2-stop teleportation journey
  3180 | D:5      | XOM: polymorph white imp -> lemure
  3192 | D:5      | Reached skill level 7 in Unarmed Combat
  3202 | D:5      | Gained mutation: You have supernaturally acute eyesight.
                  | (SInv) [hidden potential]
  3209 | D:5      | XOM: give mutation
  3209 | D:5      | Lost mutation: You have hidden genetic potential. [Xom's
                  | mischief]
  3250 | D:5      | Noticed Dowan
  3251 | D:5      | Noticed Duvessa
  3272 | D:5      | Killed Duvessa
  3274 | D:5      | Killed Dowan
  3320 | D:5      | Noticed Grinder
  3330 | D:5      | Mangled by an ogre

Illustrated notes

Levels and vault maps discovered:
D:1:      wander_arrival_fairy_ring, layout_basic, minmay_statues_item,
          minmay_misc_feat_enclosed
D:2:      layout_loops_corners, nicolae_wormholes
D:3:      layout_basic, glass_columns_c, minmay_pentomino_pile
D:4:      gammafunk_wand_slinger, layout_gridville, uniq_crazy_yiuf_cottage
D:5:      layout_basic, mainiacjoe_overflow_24_doors, uniq_duvessa, uniq_grinder

Skill      XL: |  1  2  3  4  5  6  7 |
---------------+----------------------+-----
Dodging        | 2 3 4 |  4.4
Unarmed Combat | 4 5 6 7 |  7.6
Fighting       | 3 |  3.3

Action                     |  1- 3 |  4- 6 |  7- 9 || total
---------------------------+-------+-------+-------++-------
  Melee: Unarmed           |   112 |   178 |    71 ||   361
         Punch             |     1 |     5 |     5 ||    11
   Stab: Sleeping          |     1 |       |     1 ||     2
 Armour: Robe              |    55 |    87 |    57 ||   199
  Dodge: Dodged            |    66 |    86 |    42 ||   194
         Repelled          |     6 |     4 |     2 ||    12

Table legend: (Time is in decaauts)
 A = Elapsed time spent in this place.
 B = Non-inter-level travel time spent in this place.
 C = Inter-level travel time spent in this place.
 D = Time resting spent in this place.
 E = Time spent auto-exploring this place.
 F = Levels seen in this place.
 G = Mean time per level.
                   A        B        C        D        E       F      G
               +--------+--------+--------+--------+--------+-----+--------+
         Total |   3296 |   3198 |     98 |     48 |   2417 |   5 |  659.2 |
       Dungeon |   3296 |   3198 |     98 |     48 |   2417 |   5 |  659.2 |
               +--------+--------+--------+--------+--------+-----+--------+

Top non-repeatable levels by time:
     D:4: 822 daAuts
     D:1: 793 daAuts
     D:2: 790 daAuts
     D:3: 470 daAuts
     D:5: 420 daAuts
